Map: Acid Plant LE

Players

Nerchio - Winner!

  • Race: Zerg Zerg
  • Spawn Location: 5:00

puCK (Nina)

  • Race: Protoss Protoss
  • Spawn Location: 11:00

Event: WCS Valencia 2018

VOD

Have the link to the VOD?

Description

Time

  • Played on: July 12, 2018, 1 p.m.
  • Length: 8:44

All games in this series

Show
View Real Time Build Order
Export as new Build Order

Nerchio Zerg - Winner!

Build Orders: Hatch First 

Get SALT Encoding   

  12  0:00  Drone  
  13  0:12  Overlord  
  13  0:17  Drone  
  14  0:30  Drone x2  
  16  0:48  Hatchery  
  15  0:52  Drone  
  15  0:55  Drone  
  17  0:58  Drone  
  18  1:09  Extractor  
  17  1:13  Spawning Pool  
  17  1:17  Drone  
  17  1:20  Drone  
  18  1:27  Drone  
  19  1:38  Overlord  
  19  1:49  Drone  
  20  2:00  Zergling x4, Queen  
  24  2:02  Queen  
  26  2:08  Metabolic Boost  
  26  2:11  Drone  
  26  2:14  Drone  
  28  2:21  Drone  
  28  2:22  Drone  
  30  2:32  Drone x2  
  32  2:43  Hatchery  
  31  2:44  Drone  
  31  2:46  Drone  
  33  2:55  Overlord  
  33  2:58  Queen  
  35  3:11  Overlord, Drone  
  36  3:13  Drone x4  
  36  3:15  Drone  
  36  3:17  Drone  
  36  3:19  Drone  
  43  3:21  Drone  
  44  3:27  Drone  
  44  3:29  Spore Crawler  
  44  3:31  Drone  
  44  3:32  Drone  
  45  3:37  Lair  
  45  3:39  Drone  
  45  3:41  Drone  
  47  3:42  Drone  
  47  3:47  Queen  
  50  3:50  Overlord  
  50  3:54  Overlord  
  50  3:59  Drone x2  
  50  4:00  Extractor x2, Drone  
  51  4:03  Drone  
  51  4:07  Drone x3  
  51  4:08  Drone  
  56  4:13  Spore Crawler, Drone  
  56  4:14  Drone  
  57  4:19  Drone x2  
  57  4:22  Overlord  
  59  4:26  Drone  
  59  4:27  Drone  
  60  4:32  Drone  
  60  4:36  Drone x3  
  60  4:37  Hydralisk Den  
  63  4:39  Overlord  
  63  4:40  Drone  
  63  4:43  Drone  
  65  4:46  Drone x3  
  65  4:48  Drone  
  65  4:49  Extractor  
  65  4:51  Drone  
  69  4:56  Overlord  
  69  5:06  Hydralisk x3  
  75  5:07  Muscular Augments  
  75  5:08  Hydralisk x2  
  75  5:13  Hydralisk  
  81  5:15  Hydralisk  
  81  5:18  Hydralisk  
  85  5:24  Hydralisk  
  85  5:27  Hydralisk  
  89  5:30  Overlord  
  89  5:31  Overlord x3  
  89  5:41  Queen  
  89  5:48  Hydralisk x4  
  91  5:51  Hydralisk  
  93  5:57  Drone x5  
  93  6:01  Extractor, Overlord  
  96  6:10  Overlord  
  96  6:13  Evolution Chamber  
  96  6:15  Extractor  
  96  6:16  Hatchery, Overseer  
  93  6:19  Grooved Spines  
  93  6:20  Hydralisk x3  
  99  6:27  Drone  
  99  6:28  Drone x6  
  106  6:34  Hydralisk x2  
  106  6:36  Hydralisk  
  112  6:40  Zerg Melee Weapons Level 1  
  112  6:45  Overlord  
  112  6:50  Baneling Nest  
  112  6:51  Evolution Chamber  
  110  6:55  Zergling x2  
  110  6:56  Zergling x14  
  110  6:57  Zergling x4  
  121  7:01  Zergling x4  
  121  7:02  Zergling x2  
  121  7:03  Zergling x4  
  121  7:04  Zergling x2  
  121  7:05  Zergling x2  
  127  7:09  Pneumatized Carapace  
  127  7:10  Zergling x4  
  127  7:12  Zergling x2  
  127  7:13  Zergling x2  
  131  7:16  Overlord  
  131  7:20  Zergling x4  
  129  7:33  Drone x9  
  135  7:42  Hydralisk  
  135  7:43  Hydralisk  
  132  7:44  Hydralisk  
  132  7:45  Hydralisk x4  
  132  7:46  Hydralisk  
  132  7:48  Hydralisk  
  129  7:55  Hydralisk x2  
  129  7:56  Hydralisk  
  129  7:58  Hydralisk x2  
  131  8:00  Hydralisk  
  133  8:06  Hydralisk x2  
  133  8:08  Hydralisk  
  133  8:10  Hydralisk  
  140  8:12  Hydralisk  
  140  8:13  Hydralisk  
  140  8:15  Zergling x2  
  140  8:16  Zergling x2  
  146  8:20  Hydralisk  
Show
View Real Time Build Order
Export as new Build Order

puCK Protoss 

Build Orders: 1 Gate Expand, Oracle Opening, Phoenix Opening, Zealot Archon, Archon Drop 

Get SALT Encoding   

  12  0:00  Probe  
  13  0:12  Probe  
  14  0:19  Pylon  
  14  0:24  Probe  
  15  0:29  Assimilator  
  15  0:33  Probe  
  15  0:41  Probe  
  16  0:47  Gateway  
  17  0:51  Probe  
  18  1:03  Probe  
  19  1:15  Probe  
  20  1:24  Nexus  
  20  1:30  Probe  
  21  1:36  Cybernetics Core  
  21  1:42  Probe  
  21  1:44  Assimilator  
  22  1:51  Pylon  
  22  1:55  Probe  
  23  2:04  Adept  
  23  2:09  Probe  
  23  2:14  Stargate  
  26  2:19  Warp Gate  
  26  2:21  Probe  
  27  2:29  Pylon  
  27  2:32  Adept  
  27  2:33  Probe  
  27  2:35  Probe  
  30  2:41  Probe  
  30  2:43  Probe  
  31  2:50  Probe  
  33  2:51  Oracle  
  33  2:53  Probe  
  35  3:02  Probe  
  35  3:05  Probe  
  40  3:08  Assimilator  
  40  3:11  Assimilator  
  40  3:14  Probe  
  40  3:17  Probe  
  42  3:23  Robotics Facility  
  42  3:26  Probe  
  43  3:29  Adept, Probe  
  44  3:34  Pylon  
  44  3:38  Probe  
  45  3:41  Probe  
  45  3:45  Twilight Council, Phoenix  
  46  3:52  Probe  
  49  3:56  Probe  
  50  4:04  Probe  
  50  4:08  Warp Prism  
  50  4:09  Gateway  
  51  4:11  Gateway  
  51  4:16  Gateway  
  51  4:22  Probe  
  54  4:30  Templar Archives  
  54  4:33  Pylon  
  54  4:37  Pylon  
  54  4:41  Pylon  
  54  4:51  Probe x2  
  56  4:54  Zealot  
  58  5:03  Probe  
  58  5:06  Probe  
  60  5:09  Nexus  
  60  5:11  High Templar x2  
  60  5:12  Pylon  
  64  5:15  High Templar x2  
  64  5:17  Archon  
  64  5:18  Archon  
  64  5:19  Observer  
  64  5:20  Pylon  
  68  5:26  Gateway x2  
  68  5:27  Probe  
  70  5:29  Probe, Charge  
  71  5:46  Probe  
  71  5:47  Immortal  
  71  5:49  Probe  
  73  5:58  Probe  
  73  6:00  Gateway  
  73  6:01  Probe  
  73  6:04  Gateway  
  79  6:05  Shield Battery  
  79  6:07  High Templar x2  
  79  6:10  Probe  
  84  6:12  Pylon  
  84  6:13  Probe  
  84  6:18  Psionic Storm  
  85  6:20  Zealot  
  85  6:22  Zealot, Probe  
  85  6:23  Probe  
  85  6:25  Probe  
  92  6:34  Probe  
  92  6:35  Probe  
  92  6:37  Probe  
  95  6:45  High Templar, Assimilator  
  95  6:46  Probe  
  98  6:47  High Templar, Probe  
  98  6:49  Assimilator, Probe  
  92  6:55  Zealot x4  
  92  6:56  Pylon  
  92  6:58  Probe  
  92  6:59  Probe  
  102  7:01  Probe  
  103  7:11  Probe x2  
  109  7:16  Gateway x2  
  109  7:22  High Templar x2  
  113  7:27  Archon  
  109  7:31  Zealot x5  
  109  7:32  Zealot  
  98  7:47  Archon  
  79  7:54  Zealot x5  
  79  7:55  Zealot x2  
  72  7:59  Zealot  
  60  8:13  Zealot x2  
  60  8:15  Zealot x6  
  74  8:22  High Templar  
  70  8:34  Zealot x2  
  62  8:35  Zealot x4  
  62  8:38  Zealot  
  72  8:43  High Templar  
Tags
 
Add a new tag
Caveats
  • Supply blocks, unpowered buildings, or Contaminate may cause inaccurate times.
  • Supply counts are checked every 10 seconds.